 Dungeon Crawl Stone Soup version 0.16-a0-3939-g9a3e665 (webtiles) character file.

31094 Ololoev the Severer (level 13, -7/103 (104) HPs)
             Began as a Ghoul Gladiator on Feb 6, 2015.
             Was a High Priest of Makhleb.
             Killed from afar by a raiju (17 damage)
             ... with a living lightning
             ... on level 1 of the Abyss.
             The game lasted 00:55:06 (10871 turns).

Ololoev the Severer (Ghoul Gladiator)              Turns: 10871, Time: 00:55:07

HP:   -7/103 (104)  AC: 23    Str: 23    XL:     13   Next: 55%
MP:   20/20         EV: 11    Int:  5    God:    Makhleb [*****.]
Gold: 577           SH:  7    Dex: 13    Spells: 0 memorised, 12 levels left

rFire  . . .     SeeInvis .     a - +11 war axe of Midwinter {freeze, Int+2 Stlth+}
rCold  + + .     Clarity  .     r - +4 ice dragon armour
rNeg   + + +     SustAb   .     M - +2 buckler
rPois  ∞         Gourm    .     c - +0 helmet (curse)
rElec  .         Spirit   .     C - +0 cloak
rCorr  .         Warding  .     k - +0 pair of gloves (curse)
rMut   +         Stasis   .     e - +0 pair of boots
MR     .....                    L - amulet of resist mutation
Stlth  +.........               y - ring of Koim {rPois+ Str+3}
                                p - ring of fire

@: rotting, not resistant to hostile enchantments, very unstealthy
A: rotting body, claws 1, carnivore 3, cold resistance 1, negative energy
resistance 3, poison resistance, slow healing 1, torment resistance, unbreathing
a: Minor Destruction, Lesser Servant of Makhleb, Major Destruction, Greater
Servant of Makhleb, Renounce Religion


You were on level 1 of the Abyss.
You worshipped Makhleb.
Makhleb was extremely pleased with you.
You were not hungry.

You visited 2 branches of the dungeon, and saw 14 of its levels.
You visited the Abyss 1 time.
You also visited: Labyrinth.

You collected 738 gold pieces.
You spent 161 gold pieces at shops.

Notes
Turn   | Place    | Note
--------------------------------------------------------------
     0 | D:1      | Ololoev, the Ghoul Gladiator, began the quest for the Orb.
     0 | D:1      | Reached XP level 1. HP: 17/17 MP: 1/1
   163 | D:1      | Reached skill level 3 in Axes
   184 | D:1      | Reached XP level 2. HP: 16/24 MP: 2/2
   342 | D:1      | Reached skill level 1 in Armour
   742 | D:2      | Reached XP level 3. HP: 27/29 MP: 3/3
   911 | D:2      | Reached XP level 4. HP: 34/36 MP: 3/3
  1305 | D:3      | Reached skill level 4 in Axes
  1380 | D:3      | Reached XP level 5. HP: 38/41 MP: 4/4
  1932 | D:4      | Got a brightly glowing war axe
  1933 | D:4      | Identified the +11 war axe of Midwinter {freeze, Int+2 Stlth+} (You found it on level 4 of the Dungeon)
  2125 | D:4      | Reached XP level 6. HP: 48/48 MP: 5/5
  2133 | D:4      | Reached skill level 5 in Axes
  2171 | D:4      | Noticed Robin
  2223 | D:4      | Killed Robin
  2492 | D:5      | Entered Level 5 of the Dungeon
  2562 | D:5      | Reached XP level 7. HP: 46/55 MP: 5/5
  2564 | D:5      | Reached skill level 6 in Axes
  2597 | D:5      | Got a translucent silver ring
  2603 | D:5      | Identified the ring of Koim {rPois+ Str+3} (You found it on level 5 of the Dungeon)
  3051 | D:5      | Reached skill level 7 in Axes
  3051 | D:5      | Reached XP level 8. HP: 45/61 MP: 6/6
  3173 | D:5      | Reached skill level 5 in Armour
  3702 | D:6      | Reached skill level 8 in Axes
  4421 | D:6      | Found a staircase to the Ecumenical Temple.
  4435 | Temple   | Entered the Ecumenical Temple
  4521 | Temple   | Became a worshipper of Makhleb the Destroyer
  4558 | D:6      | Reached XP level 9. HP: 65/65 MP: 7/7
  5209 | D:7      | Got an encrusted hand axe
  5557 | D:7      | Reached skill level 9 in Axes
  5616 | D:7      | Found a radiant altar of Vehumet.
  5617 | D:7      | Found a shattered altar of Ashenzari.
  5652 | D:7      | Noticed Eustachio
  5661 | D:7      | Killed Eustachio
  5704 | D:7      | Found a deep blue altar of Sif Muna.
  5792 | D:7      | Noticed Ijyb
  5800 | D:7      | Killed Ijyb
  5994 | D:8      | Found a staircase to the Lair.
  6116 | D:8      | Acquired Makhleb's first power
  6117 | D:8      | Reached skill level 1 in Shields
  6381 | D:8      | Reached skill level 10 in Axes
  6389 | D:8      | Noticed Herrn's ghost (experienced GrFi)
  6416 | D:8      | Killed Herrn's ghost
  6639 | D:8      | Reached XP level 10. HP: 72/72 MP: 7/7
  6867 | D:8      | Noticed a three-headed hydra
  6877 | D:8      | Killed a one-headed hydra
  6877 | D:8      | Reached skill level 11 in Axes
  7002 | D:9      | Acquired Makhleb's second power
  7077 | D:9      | Noticed a purple ugly thing
  7087 | D:9      | Killed a purple ugly thing
  7294 | D:9      | Identified the Incunabulum of Enchantment
  7316 | D:9      | Noticed a cyan ugly thing
  7355 | D:9      | Killed a cyan ugly thing
  7433 | D:9      | Reached XP level 11. HP: 79/79 MP: 8/8
  7713 | D:9      | Reached skill level 5 in Shields
  7727 | D:9      | Reached skill level 12 in Axes
  7742 | D:9      | Acquired Makhleb's third power
  7942 | D:10     | Entered Level 10 of the Dungeon
  7962 | D:10     | Found Edel's Armour Shop.
  7968 | D:10     | Bought a +0 pair of boots for 63 gold pieces
  7976 | D:10     | Found a staircase to the Orcish Mines.
  7987 | D:10     | Noticed a hill giant
  7996 | D:10     | Killed a hill giant
  8057 | D:10     | Found a staircase to the Lair.
  8095 | D:10     | Found Ullomuel's General Store.
  8105 | D:10     | Noticed a hill giant
  8116 | D:10     | Killed a hill giant
  8132 | D:10     | Bought a potion of heal wounds for 70 gold pieces
  8132 | D:10     | Bought a scroll of fog for 28 gold pieces
  8204 | D:10     | Acquired Makhleb's fourth power
  8219 | D:10     | Killed an unseen horror
  8258 | D:10     | Found Pasedu's Food Boutique.
  8404 | D:11     | Reached skill level 13 in Axes
  8435 | D:11     | Found a labyrinth entrance.
  8444 | Lab      | Entered a labyrinth
  8480 | Lab      | Found an exit through the horrors of the Abyss.
  8574 | Lab      | Noticed a minotaur
  8620 | Lab      | Killed a minotaur
  8675 | Lab      | Identified a +6 rod of inaccuracy (12/12) (You found it in a labyrinth)
  8676 | Lab      | Identified a cursed +2 rod of the swarm (6/13) (You took it off a minotaur in a labyrinth)
  8678 | Lab      | Lost intelligence.
  8678 | Lab      | Identified the +2 hand axe "Coil" {chop, rF+ MR- MP+9 Str+4 Int-4} (You found it on level 7 of the Dungeon)
  8756 | D:11     | Found a blossoming altar of Fedhas.
  8787 | D:11     | Reached XP level 12. HP: 84/84 MP: 9/9
  9234 | D:11     | Reached skill level 1 in Evocations
  9511 | D:12     | Acquired Makhleb's fifth power
  9526 | D:12     | Noticed Urug
  9549 | D:12     | Killed Urug
  9746 | D:12     | Reached skill level 10 in Armour
  9771 | D:12     | Noticed a four-headed hydra
  9786 | D:12     | Killed a four-headed hydra
  9800 | D:12     | Reached skill level 14 in Axes
  9809 | D:12     | Found a white marble altar of Elyvilon.
  9978 | D:12     | Noticed Nessos
 10011 | D:12     | Killed Nessos
 10160 | D:13     | Noticed a ghoul
 10178 | D:13     | Killed a ghoul
 10179 | D:13     | Noticed a ghoul
 10198 | D:13     | Killed a ghoul
 10198 | D:13     | Reached skill level 5 in Fighting
 10249 | D:13     | Reached XP level 13. HP: 97/99 MP: 18/18
 10261 | D:13     | Noticed an eight-headed hydra
 10279 | D:13     | Killed a one-headed hydra
 10558 | D:13     | Noticed a vault guard
 10560 | D:13     | Noticed a vault guard
 10568 | D:13     | Killed a vault guard
 10578 | D:13     | Noticed a vault guard
 10581 | D:13     | Noticed a vault guard
 10582 | D:13     | Killed a vault guard
 10582 | D:13     | Reached skill level 5 in Evocations
 10583 | D:13     | Noticed a vault guard
 10605 | D:13     | Killed a vault guard
 10616 | D:13     | Killed a vault guard
 10626 | D:13     | Killed a vault guard
 10644 | D:13     | Noticed a vault guard
 10645 | D:13     | Noticed a vault guard
 10660 | D:13     | Killed a vault guard
 10661 | D:13     | Killed a vault guard
 10676 | D:13     | Found a gate to the Vaults.
 10723 | D:13     | Noticed a vault guard
 10743 | D:13     | Noticed Sonja
 10746 | D:13     | Cast into the Abyss (Sonja)
 10853 | Abyss:1  | Reached skill level 15 in Axes
 10867 | Abyss:1  | HP: 2/103 [raiju/living lightning (18)]
 10871 | Abyss:1  | Killed from afar by a raiju

Inventory:

Hand weapons
 a - the +11 war axe of Midwinter (weapon) {freeze, Int+2 Stlth+}
   (You found it on level 4 of the Dungeon)

   It has been specially enchanted to freeze those struck by it, causing extra
   injury to most foes and up to half again as much damage against particularly
   susceptible opponents.
   It can also slow down cold-blooded creatures.
   It affects your intelligence (+2).
   It makes you more stealthy.
 b - a +1 blowgun
 A - a +2 war axe of flaming
Missiles
 d - 3 throwing nets (quivered)
 v - 5 curare-tipped needles
Armour
 c - a cursed +0 helmet (worn)
 e - a +0 pair of boots (worn)
 k - a cursed +0 pair of gloves (worn)
 r - a +4 ice dragon armour (worn)
 C - a +0 cloak (worn)
 M - a +2 buckler (worn)
Rods
 s - a +2 rod of the swarm (8/13)
   (You took it off a minotaur in a labyrinth)
 R - a +6 rod of inaccuracy (12/12)
   (You found it in a labyrinth)
Jewellery
 g - an uncursed amulet of regeneration
 o - an uncursed amulet of resist corrosion
 p - a ring of fire (left hand)
 y - the ring of Koim (right hand) {rPois+ Str+3}
   (You found it on level 5 of the Dungeon)

   [ring of strength]

   It affects your strength (+3).
   It protects you from poison.
 B - an uncursed amulet of stasis
 D - an uncursed ring of teleportation
 H - an uncursed ring of protection from magic
 L - an amulet of resist mutation (around neck)
Magical devices
 h - a wand of flame (32)
 I - a wand of draining (6)
 O - a wand of cold (7)
 Q - a wand of confusion (14)
Scrolls
 l - 2 scrolls of fog
 m - 5 scrolls of remove curse
 n - 6 scrolls of teleportation
 q - 2 scrolls of fear
 w - a scroll of magic mapping
 x - a scroll of enchant weapon
 E - 3 scrolls of immolation
 K - a scroll of blinking
 N - a scroll of vulnerability {unknown}
 P - a scroll of noise {unknown}
Potions
 f - a potion of flight {unknown}
 i - 3 potions of curing
 G - 2 potions of restore abilities
 J - a potion of invisibility {unknown}
 S - 2 potions of agility
Comestibles
 j - a chunk of flesh
 t - 10 meat rations
 z - 2 royal jellies
 F - 8 slices of pizza

Table legend:
 A = Turns spent in this place as a percentage of turns spent in the entire game.
 B = Non-inter-level travel turns spent in this place as a percentage of non-inter-level travel turns spent in the entire game.
 C = Inter-level travel turns spent in this place as a percentage of turns spent in this place.
 D = Turns resting spent in this place as a percentage of non-inter-level travel turns spent in this place.
 E = Turns spent auto-exploring this place as a percentage of non-inter-level travel turns spent in this place.
 F = Non-inter-level travel turns spent in this place divided by the number of levels of this place that you've seen.
                   A       B       C       D       E      F
               +-------+-------+-------+-------+-------+----------------------
         Total | 100.0 | 100.0 |   0.5 |   1.7 |   9.4 | 256.6
       Dungeon |  89.2 |  89.2 |   0.5 |   1.7 |  10.5 | 281.7
        Temple |   2.2 |   2.2 |   1.1 |   0.0 |   0.0 |  89.0
         Abyss |   3.1 |   3.1 |   0.0 |   0.0 |   0.0 | 126.0
     Labyrinth |   5.5 |   5.6 |   0.0 |   2.6 |   0.0 | 228.0
               +-------+-------+-------+-------+-------+----------------------


   Skills:
 + Level 6.6 Fighting
 * Level 15.0 Axes
 - Level 1.7 Throwing
 + Level 10.9 Armour
 - Level 2.6 Dodging
 - Level 5.0 Shields
 + Level 5.7 Evocations


You had 12 spell levels left.
You didn't know any spells.

Dungeon Overview and Level Annotations

Branches:
Dungeon (13/15)            Temple (1/1) D:6            Lair (0/8) D:8
    Orc (0/4) D:10         Vaults (0/5) D:13

Altars:
Ashenzari
Cheibriados
Dithmenos
Elyvilon
Fedhas
Gozag
Kikubaaqudgha
Makhleb
Nemelex Xobeh
Okawaru
Qazlal
Ru
Sif Muna
Trog
Vehumet
Xom
Yredelemnul
Zin
The Shining One

Shops:
D:10 *[%

Annotations:
D:13 Sonja


Innate Abilities, Weirdness & Mutations

Your body is rotting away.
You thrive on raw meat.
You have sharp fingernails.
You are carnivorous and can eat meat at any time.
Your flesh is cold resistant.
You are immune to negative energy.
Your system is resistant to poisons.
You heal slowly when monsters are visible.
You are immune to unholy pain and torment.
You can survive without breathing.


Message History

The living lightning hits you!
The raiju blinks!
The raiju bursts into living lightning!
The living lightning hits you!
The raiju blinks!
Your worker ant waves its antennae.
Your worker ant barely misses the raiju.
You hit the raiju. You freeze the raiju.
The raiju is severely wounded.
You block the raiju's attack.
Your worker ant misses the raiju.
The raiju bursts into living lightning!
The living lightning hits you!
The raiju blinks!
Drink which item? (? for menu, Esc to quit)
You feel much better.
Your worker ant barely misses the raiju.
The raiju bursts into living lightning!
The living lightning hits you!
The living lightning hits your worker ant.
Your worker ant dies!
Your worker ant's corpse disappears in a puff of smoke!
The raiju blinks!
Drink which item? (? for menu, Esc to quit)
You feel much better.
The raiju bursts into living lightning!
The living lightning hits you!
The living lightning hits your worker ant.
Your worker ant dies!
Your worker ant's corpse disappears in a puff of smoke!
The raiju blinks!
Drink which item? (? for menu, Esc to quit)
You feel better.
The raiju bursts into living lightning!
The living lightning hits you!
The raiju blinks!
The raiju bursts into living lightning!
The living lightning misses you.
The raiju blinks!
Drink which item? (? for menu, Esc to quit)
You feel better.
The raiju bursts into living lightning!
The living lightning hits you!
The raiju blinks!
The raiju bursts into living lightning!
The living lightning hits you!
You die...

##.# # ..h. . .
... .##.. .
##.##....
...###...#...
....#......# #
....§.....##..##
#.............
#..@#.#. .. .
##.§..# .#..
#.##.... .≈≈ .##
##..#.h#..≈≈ ...
#>.#....#..≈
#.......h### ≈ #
......h# #.
..##.#..# #.###.
....#.


You could see 2 raiju.

Table legend:
 A = Kills in this place as a percentage of kills in entire the game.
 B = Kills by you in this place as a percentage of kills by you in the entire game.
 C = Kills by friends in this place as a percentage of kills by friends in the entire game.
 D = Other kills in this place as a percentage of other kills in the entire game.
 E = Experience gained in this place as a percentage of experience gained in the entire game.
 F = Experience gained in this place divided by the number of levels of this place that you have seen.
                   A       B       C       D       E      F
               +-------+-------+-------+-------+-------+----------------------
         Total | 100.0 | 100.0 |  -nan |  -nan | 100.0 | 2776.3
       Dungeon |  97.1 |  97.1 |  -nan |  -nan |  92.5 | 3162.1
         Abyss |   1.6 |   1.6 |  -nan |  -nan |   4.5 | 2007.0
     Labyrinth |   1.3 |   1.3 |  -nan |  -nan |   2.9 | 1307.0
               +-------+-------+-------+-------+-------+----------------------

Vanquished Creatures
  2 ghouls (D:13)
  A minotaur (Lab)
  7 vault guards (D:13)
  3 hydras
  Nessos (D:12)
  A thrashing horror (Abyss:1)
  Urug (D:12)
  An unseen horror (D:10)
  The ghost of Herrn the Blocker, an experienced GrFi of Okawaru (D:8)
  3 hill giants
  3 ugly things
  A cyclops (D:12)
  A gargoyle (D:13)
  2 efreet
  2 trolls
  A raiju (Abyss:1)
  A ynoxinul (Abyss:1)
  21 yaks
  A wyvern (D:11)
  A hippogriff (D:9)
  A golden eye (Abyss:1)
  2 shadows (D:13)
  Eustachio (D:7)
  4 deep elf magi
  A steam dragon (D:9)
  5 vampire mosquitoes
  2 water moccasins
  A spider (Lab)
  2 wasps
  2 ice beasts
  4 orc warriors
  2 sky beasts
  A large abomination (Abyss:1)
  6 ogres
  A black bear (D:12)
  5 phantoms
  A necrophage (D:5)
  13 centaurs
  4 big kobolds
  6 giant frogs
  5 scorpions
  A troll zombie (D:9)
  A hippogriff zombie (D:9)
  A troll skeleton (Lab)
  A spriggan skeleton (Lab)
  14 killer bees
  2 giant frog zombies
  2 goliath beetles (D:6)
  10 crimson imps
  4 quasits
  6 wights
  4 hounds
  4 centaur zombies
  2 giant frog skeletons
  17 orc wizards
  3 centaur skeletons
  2 orc priests
  8 worker ants
  6 iguanas
  2 sheep (D:8)
  Ijyb (D:7)
  A hound zombie (D:7)
  2 mummies (D:13)
  A hound skeleton (D:5)
  2 ogre skeletons (Lab)
  A worker ant zombie (D:4)
  Robin (D:4)
  14 adders
  2 shadow imps (D:9)
  3 giant mites
  2 worms
  An ufetubus (Abyss:1)
  An adder skeleton (D:4)
  2 adder zombies (D:9)
  5 giant geckos
  34 orcs
  11 bats
  A bat skeleton (D:4)
  A giant cockroach (D:1)
  16 goblins
  9 hobgoblins
  9 jackals
  13 kobolds
  5 quokkas
  2 ball pythons
  A giant gecko skeleton (D:7)
  9 giant newts
  5 giant spores
  A jackal zombie (D:5)
  A quokka skeleton (D:6)
  18 rats
  12 ballistomycetes
  A bush (D:11)
402 creatures vanquished.

Vanquished Creatures (others)
  2 worker ants (Abyss:1)
  A bush (D:11)
3 creatures vanquished.

Grand Total: 405 creatures vanquished

Action                   |  1- 3 |  4- 6 |  7- 9 | 10-12 | 13-15 || total
-------------------------+-------+-------+-------+-------+-------++-------
Melee: War axe           |    84 |    71 |   208 |   501 |   116 ||   980
       Hand axe          |       |    95 |       |       |       ||    95
 Fire: Blowgun           |       |     1 |     6 |    24 |       ||    31
Invok: Minor Destruction |       |       |       |     5 |       ||     5
       Major Destruction |       |       |       |     1 |       ||     1
Evoke: Wand              |       |       |     5 |     4 |     2 ||    11
       Rod               |       |       |       |     4 |     5 ||     9
  Use: Scroll            |       |       |    10 |    12 |     1 ||    23
       Potion            |       |       |     1 |     2 |     5 ||     8
 Stab: Sleeping          |       |     1 |     4 |       |       ||     5
  Eat: Chunk             |     6 |     8 |    19 |    25 |     4 ||    62
       Beef jerky        |       |       |       |       |     2 ||     2

Vault maps used:
D:1:      onia_arrival_mini_spirals, minmay_lizard_king
D:2:      hex_tiny
D:4:      first_bread, uniq_robin
D:5:      serial_co_window_serial, co_window_of_opportunity_a,
          co_window_corner_a, co_window_of_opportunity_a, co_window_paths_b,
          co_window_of_opportunity_a, co_window_cross_1, co_window_corner_a,
          co_window_broadway_a, co_window_unsneaky_path_a,
          co_window_of_opportunity_b, co_window_unsneaky_path_e,
          co_window_corner_cb, co_window_broadway_c, glass_columns_a,
          glass_columns_a, grunt_ministairs_6
D:6:      minmay_temple_entry_overgrown
D:7:      minitemple, led_sif_pool, uniq_eustachio, uniq_iyjb
D:8:      minmay_flawed_box, hangedman_ranch
D:9:      minmay_misc_feat_tower, kennysheep_kite_vault
D:10:     lair_0_dummy, orc_0_dummy, serial_shops, nicolae_shop_statue_plus,
          nicolae_shop_crystal, shop, st_stairs_8
D:11:     lab_entry_generic, serial_park, serial_park_paths,
          fedhas_bush_and_centaur_altar
D:12:     basic_altar, uniq_urug, uniq_nessos
D:13:     erik_vaults_2, serial_undead, serial_undead_a, serial_undead_d,
          serial_undead_e, serial_undead_f, serial_undead_d, serial_undead_d,
          uniq_sonja
Temple:   nicolae_temple_elliptical
Lab:      labyrinth_watery, labyrinth_fake_exit, nicolae_lab_swirl,
          nicolae_lab_x, nicolae_lab_lava, labyrinth_skeletal_remains,
          nicolae_lab_quarters, nicolae_lab_hexagon, nicolae_lab_do_over,
          nicolae_lab_statue
